Workbook

Sheet GUIDE
B3: Instructions Notes
B5: Comprehensive User Guide for Filing Income Tax (IT) on the NRS Self-Service Portal
B6: This guide provides a detailed walkthrough for taxpayers on how to successfully file their Income Tax (IT) returns using the NRS Self-Service Portal. Taxpayers are advised to follow each step carefully to ensure accuracy, completeness, and successful submission.
B8: Who Should Use this Form?
B9: This form may be filled by a Company, Trust, NGO,or any entity other than a partnership firm having income from business or profession.
B11: Step 1: Login and Access to Filing Module
B12: 1. Log in to the NRS Self-Service Portal using your registered credentials.
B13: 2. From your dashboard, click on “File Now”.
B14: 3. Download the IT Excel Template provided on the portal.
B15: This template is mandatory and serves as the basis for tax computation by the system.
B17: Step 2: Completion of the Revenue Section
B18: 4. Open the downloaded IT Excel template.
... B98: Final submission confirms the taxpayer’s declaration and responsibility for the information provided.

Sheet USER_INPUT
C5: Please Enter Year Of Assessment
C7: ACCOUNTING YEAR | D7: 2025

Sheet INCOME_STATEMENT
B3: REVENUE SCHEDULE
B5: Enter the Sector Specific To Your Business & Fill In Your Revenue
C6: REVENUE | E6: TOTAL
C7: MANUFACTURING | E7: =D7 -> 0
C8: AGRICULTURE, FORESTRY & FISHING | E8: =D8 -> 0
C9: MINNING & QUARRY | E9: =D9 -> 0
C10: ELECTRICITY | E10: =D10 -> 0
C11: WATER SUPPLY, SEWERAGE & WASTE MANAGEMENT | E11: =D11 -> 0
C12: CONSTRUCTION | E12: =D12 -> 0
C13: WHOLESALE AND RETAIL TRADE | E13: =D13 -> 0
C14: TRANSPORTATION AND HAULAGE | E14: =D14 -> 0
C15: ACCOMODATION AND FOOD SERVICE ACTIVITIES | E15: =D15 -> 0
C16: COMMUNICATION &. INFORMATION | E16: =D16 -> 0
C17: BANKS & OTHER FINANCIAL AND ACTIVITIES | E17: =D17 -> 0
C18: INSURANCE ACTIVITIES | E18: =D18 -> 0
... C27: Others | E27: =D27 -> 0
C31: SUMMARY FROM REVENUE SCHEDULE SHEET
E32: TOTAL REVENUE
C33: REVENUE | D33: TOTAL | E33: =SUM(D34:D54) -> 0
C34: MANUFACTURING | D34: =E7 -> 0
C35: AGRICULTURE, FORESTRY & FISHING | D35: =E8 -> 0
C36: MINNING & QUARRY | D36: =E9 -> 0
C37: ELECTRICITY | D37: =E10 -> 0
C38: WATER SUPPLY, SEWERAGE & WASTE MANAGEMENT | D38: =E11 -> 0
C39: CONSTRUCTION | D39: =E12 -> 0
C40: WHOLESALE & RETAIL TRADE | D40: =E13 -> 0
C41: TRANSPORTATION & HAULAGE | D41: =E14 -> 0
C42: ACCOMODATION & FOOD SERVICE ACTIVITIES | D42: =E15 -> 0
C43: COMMUNICATION & INFORMATION | D43: =E16 -> 0
C44: BANK & OTHER FINANCIAL ACTIVITIES | D44: =E17 -> 0
C45: INSURANCE ACTIVITIES | D45: =E18 -> 0
... C53: DIGITAL AND VIRTUAL ASSETS | D53: =E26 -> 0
C54: =C27 -> Others | D54: =E27 -> 0
C55: REV | D55: =SUM(D34:D54) -> 0
B59: COST OF SALES
B61: Provide Details Of Your Cost Of Goods Sold Or Your Direct Cost As The Case May Be.
E62: TOTAL
C63: Cost Of Sale | E63: =D69+D74+D85+D92-D97 -> 0
D64: COST
C65: OPENING INVENTORY
C66: Raw materials
C67: Work in progress
C68: Finished goods
C69: Total opening inventory | D69: =SUM(D66:D68) -> 0
C70: PURCHASES (RAW MATERIALS/FINISHED GOODS)
C71: Local Purchases
C72: Import Purchases
C73: Returns Outwards
C74: Total Purchases | D74: =D71+D72-D73 -> 0
C75: OTHER DIRECT COST
C76: Direct wages
C77: Direct expenses
C78: Carriage Inwards
C79: Depreciation
C80: Mining Cost
C81: Direct construction cost
C82: Cost of Storage
C83: Amortisation of intangible assets
C84: Other Direct costs
C85: Total Direct Cost | D85: =SUM(D76:D84) -> 0
C86: FACTORY OVERHEADS
C87: Factory Rent
C88: Factory Rates
C89: Fuel and Power
C90: Indirect Wages
C91: Other Factory Overheads
C92: Total Factory Overheads | D92: =SUM(D87:D91) -> 0
C93: CLOSING INVENTORY
C94: Raw materials
C95: Work In Progress
C96: Finished goods
C97: Total Of Closing Inventory | D97: =SUM(D94:D96) -> 0
B101: PROFIT OR LOSS SCHEDULE
B103: Statement Of Profit or Loss Account and Other Comprehensive Income for the year
E105: TOTAL
C107: Revenuexx | E107: =E33 -> 0
C108: =IF(D84=E63,"Direct Cost","Cost Of Sale") -> Direct Cost | E108: =E63 -> 0
C109: Gross Profit | E109: =E107-E108 -> 0
C110: Other Income (CLICK TO EXPAND) | E110: =OTHER_INCOME!E3 -> 0
C111: Operating Income | E111: =E109+E110 -> 0
C112: Administrative Expenses (CLICK TO EXPAND) | E112: =ADMINISTRATIVE_EXPENSES!D3 -> 0
C113: =IF(OTHER_INCOME!D12>0,"Expenses Relating To Non-taxable revenue","")
C114: Finance Cost (Excluding Interest Expense) | E114: =D114 -> 0
C115: Operating Profit Before Tax | E115: =E111-E112-E114 -> 0
C116: Taxation | E116: =D116 -> 0
C117: Profit After Tax | E117: =E115-E116 -> 0
C118: Other Comprehensive Income | E118: =SUM(D119:D125) -> 0
C119: Revaluation Gain/Loss
C120: Unrealized foreign exchange gainX
C121: Currency Translation Adjustments
C122: Cash Flow Hedge
C123: Gain Or Loss On Derivative Contracts
C124: Pension Plans Adustments
C125: Others
C126: Profit For The Year | E126: =E117+E118 -> 0
C127: Retained Earnings Brought Forward | E127: =D127 -> 0
C128: Retained Earnings Carried Forward | E128: =E126+E127 -> 0
C131: SUMMARY OF PROFIT OR LOSS SCHEDULE
C133: Profit or Loss Account and Other Comprehensive Income for the year
D135: TOTAL
...

Sheet STATEMENT_OF_FINANCIAL_POSITION
B3: FINANCIAL POSITION SCHEDULE
B5: Statement of Financial Position
C7: Non Current Assets
C8: Properties, Plants and Equipments | E8: =D8 -> 0
C9: Investments | E9: =SUM(D10:D19) -> 0
C10: Investment in securities
C11: Investment in stock and bonds
C12: Investment in Properties
C13: Investment in Associate & Joint Ventures
C14: Investment in Subsidiaries
C15: Investment in finance lease
C16: Investment in staff loan
C17: Investment in digital assets
C18: Investment in Commodities
C19: Others
C20: Intangible assets | E20: =SUM(D21:D29) -> 0
C21: Goodwill
C22: Patent
C23: Trademarks
C24: Terminal and service concession rights
C25: Brands
C26: Customer relationships
C27: Right of use
C28: Copyrights
C29: Others
C30: Other non current assets | E30: =SUM(D31:D42) -> 0
C31: Lease-hold Land
C32: Lease-hold Building
C33: Building and Real estate lease
C34: Other leases
C35: Non-Current Assets Held for Sale
C36: Contract assets
C37: Deferred tax asset
C38: Other financial assets
C39: Derivative financial instrument
C40: Long-term borrowings and debts
C41: Defined Benefits Assets
C42: Others
C43: Total Non Current Assets | E43: =E8+E9+E20+E30 -> 0
C45: Current Assets
C46: Inventories | E46: =D46 -> 0
C47: Other Receivables | E47: =D47 -> 0
C48: Trade recievables | E48: =D48 -> 0
C49: Other current assets | E49: =SUM(D50:D62) -> 0
C50: Other Interbank Advances
C51: Withholding tax recievables
C52: Other receivables
C53: Current portion of Long Term Loan
C54: Short Term Investments
C55: Accrued Income
C56: Asset classified as held for sale
C57: Advance payment to vendor
C58: Prepaid Expenses
C59: Small Tools
C60: Goods in transit
C61: chemicals, materials supplies and others
C62: Others
C63: Cash and Cash Equivalents | E63: =SUM(D64:D67) -> 0
C64: Cash in hand
C65: Cash at Bank
C66: marketable securities
C67: Others
C68: Total Current Assets | E68: =E46+E47+E48+E49+E63 -> 0
C69: Total Assets | E69: =E43+E68 -> 0
C71: Equity and Liabilities
C72: Current Liabilities
C73: Trade Payables | E73: =D73 -> 0
C74: Current tax liabilities | E74: =D74 -> 0
C75: Other Current Liabilities | E75: =SUM(D76:D92) -> 0
C76: Other payables
C77: Financial liabilities
C78: Accruals
C79: Unearned income (advance from customers)
C80: Interest payable
C81: Short-term debt
C82: Provision for warranty expenses
C83: Provision for bonuses and employee benefit
C84: Current portion of lease liability
C85: Current portion of long-term debt
C86: Dividend payable
C87: Provisions
... C92: Others
C93: Total Current Liabilities | E93: =E73+E74+E75 -> 0
C94: Non-current Liabilities | E94: =SUM(D95:D110) -> 0
C95: Long Term Debt
C96: Long term Borrowings
C97: Pension and Employee Benefit obligation
C98: Deferred Revenue (Long Term Portion)
C99: Contigent Liability (Long Term Provision)
C100: Employees Benefits obligations
C101: Non-current Portion of Lease Obligation
C102: Deferred Tax Liabilities
C103: Stock warrant obligations
C104: Debt Securities
C105: Lease liabilities
C106: Derivaties liabilities held for risk Management
... C125: Equity contribution to shareholders/ Equity holders
C126: Total Equity | E126: =D112+D113+D114+D115+D116+D117+D119+D120+D121+D122+D123+D124+D125 -> 0
C127: Total Equity and Liabilities | E127: =E93+E94+E126 -> 0
C132: PREVIEW OF FINANCIAL POSITION
...

Sheet PROFIT_ADJUSTMENT
B4: PROFIT ADJUSTMENT
B6: Profit Adjustment For Year Of Assessment
B8: NOTE: This section is to be populated if the taxpayer has disallowable expenses under the ADD BACK and deductions of non taxable items under the deductions section and the system will do the rest of the computation of tax liabilities.
C11: Profit before tax | E11: =INCOME_STATEMENT!E115 -> 0
C12: Add Backs
C13: Depreciation | E13: =administrative_expenses[[#This Row],[REVENUE]]+INCOME_STATEMENT!D79 -> 0
C14: Expenses Related To Exempt Income
C15: Donations (To The Extent Not Allowed)
C16: Unrealised Foreign Exchange Loss
C17: Loss On Disposal Of Fixed Assets
C18: Entertainment Expenses (To The Extent Not Allowed)
C19: Capital Repaid/Withdrawn
C20: Expenses of Capital Nature
C21: Expenditure on assets not used for the purpose of trade
C22: Sum recoverable under an insurance or contract of indemnity
C23: Taxes on Profit or Incomes
C24: Payment to any unapproved retirement fund or scheme under the Pension Reform Act.
C25: Any sum reserved out of profits subject to the provisions of section 20(1)(h) of this Act
... C32: Others
C33: Total amount to be added back | E33: =SUM(D14:D32)+E13 -> 0
C35: Deductions
C36: Deduct Non Taxable Items
C37: Profit From Sales Of Fixed Assets
C38: Frank Investment Income
C39: Unrealised Gains
C40: Others
C41: Total deductions | E41: =SUM(D36:D40) -> 0

Sheet OTHER_INCOME
B2: Back to Income statement | C2: PROFIT OR LOSS SCHEDULE | D2: REVENUE | E2: REVENUE TOTAL
C3: OTHER INCOME | E3: =SUM(other_income[REVENUE]) -> 0
C4: Commision Income
C5: Interest Income
C6: Lease Income-Finance
C7: Rental Income
C8: Dividend Income
C9: Profit from disposal of investment in subsidiary income
C10: Decrease in provision
C11: Gain on sale of asset
C12: Non-taxable revenue
C13: Realized foreign exchange gain
C14: Unrealized foreign exchange gain
C15: Bad debt recovered
... C17: Others

Sheet ADMINISTRATIVE_EXPENSES
A2: Back to Income statement | B2: PROFIT OR LOSS SCHEDULE | C2: REVENUE | D2: REVENUE TOTAL
B3: ADMINISTRATIVE EXPENSES | D3: =SUM(administrative_expenses[REVENUE]) -> 0
B4: Salary and Wages
B5: Employee Benefit Expenses
B6: Directors Emoluments
B7: Directors expenses
B8: Staff Allowances
B9: Staff Loan written off
B10: Staff Gratuity
B11: Pension and Gratuity
B12: Other staff & related Cost
B13: depreciation
B14: Amortisation of intangible assetsX
B15: Government and regulatory costs
... B70: Others

Sheet config
B1: id | C1: sector | J1: id | K1: ppe_category | M1: id | N1: start | O1: end | S1: id | T1: code | U1: details | W1: id | X1: year | Z1: id | AA1: description | AB1: description2 | AC1: code | AF1: id | AG1: charge | AH1: charge2 | AI1: code | AL1: filling_year | AN1: tax_type | AP1: cit_type | AR1: version
B2: 1 | C2: Manufacturing | J2: 1 | K2: Building Industrial | M2: 1 | N2: 36526 | O2: =TODAY() -> 46166 | S2: 1 | T2: 1 | U2: Revenue | W2: 1 | X2: 2000 | Z2: 1 | AA2: =AC2 & " - " & AB2 -> 05.06.00100 - Freehold Land | AB2: Freehold Land | AC2: 05.06.00100 | AF2: 1 | AG2: =AI2 & " - " & AH2 -> 05.07.00100 - Accumulated Depreciation Non-Industrial Building | AH2: Accumulated Depreciation Non-Industrial Building | AI2: 05.07.00100 | AL2: =USER_INPUT!D7 -> 2025 | AN2: 2 | AP2: REGULAR | AR2: V2
B3: 2 | C3: Agriculture, Forestry & Fishing | J3: 2 | K3: Building Non-Industrial | S3: 2 | T3: 2 | U3: Cost Of Sales | W3: 2 | X3: 2001 | Z3: 2 | AA3: =AC3 & " - " & AB3 -> 05.06.00200 - Non-Industrial Building | AB3: Non-Industrial Building | AC3: 05.06.00200 | AF3: 2 | AG3: =AI3 & " - " & AH3 -> 05.07.00200 - Accumulated Depreciation Industrial Building | AH3: Accumulated Depreciation Industrial Building | AI3: 05.07.00200
B4: 3 | C4: Minning & Quarry | J4: 3 | K4: Plants (excluding Furniture and fittings) | S4: 3 | T4: 3 | U4: Gross Profit | W4: 3 | X4: 2002 | Z4: 3 | AA4: =AC4 & " - " & AB4 -> 05.06.00300 - Industrial Building | AB4: Industrial Building | AC4: 05.06.00300 | AF4: 3 | AG4: =AI4 & " - " & AH4 -> 05.07.00300 - Accumulated Depreciation Plants | AH4: Accumulated Depreciation Plants | AI4: 05.07.00300
B5: 4 | C5: Electricity | J5: 4 | K5: Agricultural plants exenditure | S5: 4 | T5: 4 | U5: Other Income | W5: 4 | X5: 2003 | Z5: 4 | AA5: =AC5 & " - " & AB5 -> 05.06.00400 - Plants | AB5: Plants | AC5: 05.06.00400 | AF5: 4 | AG5: =AI5 & " - " & AH5 -> 05.07.00400 - Accumulated Depreciation Ships, Boats & Yacths | AH5: Accumulated Depreciation Ships, Boats & Yacths | AI5: 05.07.00400
B6: 5 | C6: Water Supply, Sewerage & Waste Management | J6: 5 | K6: Furnitures & Fittings expenditure | S6: 5 | T6: 4a | U6: Bad Debt Recovered | W6: 5 | X6: 2004 | Z6: 5 | AA6: =AC6 & " - " & AB6 -> 05.06.00500 - Ships, Boats & Yachts | AB6: Ships, Boats & Yachts | AC6: 05.06.00500 | AF6: 5 | AG6: =AI6 & " - " & AH6 -> 05.07.00500 - Accumulated Depreciation Heavy Equipment | AH6: Accumulated Depreciation Heavy Equipment | AI6: 05.07.00500
B7: 6 | C7: Construction | J7: 6 | K7: Public Transport motor vehicles | S7: 6 | T7: 4b | U7: Commision Income | W7: 6 | X7: 2005 | Z7: 6 | AA7: =AC7 & " - " & AB7 -> 05.06.00600 - Heavy Equipment | AB7: Heavy Equipment | AC7: 05.06.00600 | AF7: 6 | AG7: =AI7 & " - " & AH7 -> 05.07.00600 - Accumulated Depreciation Aircraft Engine & Fuselage | AH7: Accumulated Depreciation Aircraft Engine & Fuselage | AI7: 05.07.00600
B8: 7 | C8: Wholesale & Retail Trade | J8: 7 | K8: Motor vehicles expenditure | S8: 7 | T8: 4c | U8: Contract Income | W8: 7 | X8: 2006 | Z8: 7 | AA8: =AC8 & " - " & AB8 -> 05.06.00700 - Aircraft Engine & Fuselage | AB8: Aircraft Engine & Fuselage | AC8: 05.06.00700 | AF8: 7 | AG8: =AI8 & " - " & AH8 -> 05.07.00700 - Accumulated Depreciation Aircraft & Vessel Furnishing | AH8: Accumulated Depreciation Aircraft & Vessel Furnishing | AI8: 05.07.00700
B9: 8 | C9: Transportation & Haulage | J9: 8 | K9: Plantation equipments expenditure | S9: 8 | T9: 4d | U9: Decrease In Provision | W9: 8 | X9: 2007 | Z9: 8 | AA9: =AC9 & " - " & AB9 -> 05.06.00800 - Aircraft & Vessel Furnishing | AB9: Aircraft & Vessel Furnishing | AC9: 05.06.00800 | AF9: 8 | AG9: =AI9 & " - " & AH9 -> 05.07.00800 - Accumulated Depreciation Communications & Electricity Towers & Cables | AH9: Accumulated Depreciation Communications & Electricity Towers & Cables | AI9: 05.07.00800
B10: 9 | C10: Accomodation & Food Service Activities | J10: 9 | K10: Construction Plants expenditure (excluding furniture & fittings) | S10: 9 | T10: 4e | U10: Direct Premium | W10: 9 | X10: 2008 | Z10: 9 | AA10: =AC10 & " - " & AB10 -> 05.06.00900 - Communications & Electricity Towers & Cables | AB10: Communications & Electricity Towers & Cables | AC10: 05.06.00900 | AF10: 9 | AG10: =AI10 & " - " & AH10 -> 05.07.00900 - Accumulated Depreciation Trains & Tracks | AH10: Accumulated Depreciation Trains & Tracks | AI10: 05.07.00900
B11: 10 | C11: Communication & Information | J11: 10 | K11: research and development expenditure | S11: 10 | T11: 4f | U11: Fair Value Gain On Derivative | W11: 10 | X11: 2009 | Z11: 10 | AA11: =AC11 & " - " & AB11 -> 05.06.01000 - Trains & Tracks | AB11: Trains & Tracks | AC11: 05.06.01000 | AF11: 10 | AG11: =AI11 & " - " & AH11 -> 05.07.01000 - Accumulated Depreciation Boats & Yatchs | AH11: Accumulated Depreciation Boats & Yatchs | AI11: 05.07.01000
B12: 11 | C12: Bank & Other Financial Activities | J12: 11 | K12: Housing estate expenditure | S12: 11 | T12: 4g | U12: Financial Instrument | W12: 11 | X12: 2010 | Z12: 11 | AA12: =AC12 & " - " & AB12 -> 05.06.01100 - Motor vehicle | AB12: Motor vehicle | AC12: 05.06.01100 | AF12: 11 | AG12: =AI12 & " - " & AH12 -> 05.07.01100 - Accumulated Depreciation Motor vehicle | AH12: Accumulated Depreciation Motor vehicle | AI12: 05.07.01100
B13: 12 | C13: Insurnace Activities | J13: 12 | K13: Land | S13: 12 | T13: 4h | U13: Fair Value On Financial Assests Through P&L | W13: 12 | X13: 2011 | Z13: 12 | AA13: =AC13 & " - " & AB13 -> 05.06.01200 - Motor vehicle (bus, truck & mass transit coach) | AB13: Motor vehicle (bus, truck & mass transit coach) | AC13: 05.06.01200 | AF13: 12 | AG13: =AI13 & " - " & AH13 -> 05.07.01200 - Accumulated Depreciation Motor vehicle (bus, truck & mass transit coach) | AH13: Accumulated Depreciation Motor vehicle (bus, truck & mass transit coach) | AI13: 05.07.01200
B14: 13 | C14: Real Estate Activities | J14: 13 | K14: ranching and plantation | S14: 13 | T14: 4i | U14: Income From Non Pioneer Business | W14: 13 | X14: 2012 | Z14: 13 | AA14: =AC14 & " - " & AB14 -> 05.06.01300 - Tools & Equipments | AB14: Tools & Equipments | AC14: 05.06.01300 | AF14: 13 | AG14: =AI14 & " - " & AH14 -> 05.07.01300 - Accumulated Depreciation Tools & Equipments | AH14: Accumulated Depreciation Tools & Equipments | AI14: 05.07.01300
B15: 14 | C15: Professional, Scientific & Technical Activities | J15: 14 | K15: software | S15: 14 | T15: 4j | U15: Gain On Forward Exchange Contract Realised | W15: 14 | X15: 2013 | Z15: 14 | AA15: =AC15 & " - " & AB15 -> 05.06.01400 - Office Equipment | AB15: Office Equipment | AC15: 05.06.01400 | AF15: 14 | AG15: =AI15 & " - " & AH15 -> 05.07.01400 - Accumulated Depreciation Office Equipment | AH15: Accumulated Depreciation Office Equipment | AI15: 05.07.01400
B16: 15 | C16: Administrative & Support Activities | J16: 15 | K16: Others | S16: 15 | T16: 4k | U16: Realized Foreign Exchange Gain | W16: 15 | X16: 2014 | Z16: 15 | AA16: =AC16 & " - " & AB16 -> 05.06.01500 - Medical equipments | AB16: Medical equipments | AC16: 05.06.01500 | AF16: 15 | AG16: =AI16 & " - " & AH16 -> 05.07.01500 - Accumulated Depreciation Medical equipments | AH16: Accumulated Depreciation Medical equipments | AI16: 05.07.01500
B17: 16 | C17: Education | S17: 16 | T17: 4l | U17: Insurance Claim | W17: 16 | X17: 2015 | Z17: 16 | AA17: =AC17 & " - " & AB17 -> 05.06.01600 - Household equipments | AB17: Household equipments | AC17: 05.06.01600 | AF17: 16 | AG17: =AI17 & " - " & AH17 -> 05.07.01600 - Accumulated Depreciation Household equipments | AH17: Accumulated Depreciation Household equipments | AI17: 05.07.01600
B18: 17 | C18: Oil & Gas | S18: 17 | T18: 4m | U18: Interest Income | W18: 17 | X18: 2016 | Z18: 17 | AA18: =AC18 & " - " & AB18 -> 05.06.01700 - Computer hardware | AB18: Computer hardware | AC18: 05.06.01700 | AF18: 17 | AG18: =AI18 & " - " & AH18 -> 05.07.01700 - Accumulated Depreciation Computer hardware | AH18: Accumulated Depreciation Computer hardware | AI18: 05.07.01700
B19: 18 | C19: NGOs, NFPOs, Religious Institutions | S19: 18 | T19: 4n | U19: Lease Financing | W19: 18 | X19: 2017 | Z19: 18 | AA19: =AC19 & " - " & AB19 -> 05.06.01800 - Office fixtures | AB19: Office fixtures | AC19: 05.06.01800 | AF19: 18 | AG19: =AI19 & " - " & AH19 -> 05.07.01800 - Accumulated Depreciation Office fixtures | AH19: Accumulated Depreciation Office fixtures | AI19: 05.07.01800
B20: 19 | C20: Art, Entertainment & Recreation | S20: 19 | T20: 4o | U20: Non Taxable Revenue | W20: 19 | X20: 2018 | Z20: 19 | AA20: =AC20 & " - " & AB20 -> 05.06.01900 - Furniture and fittings | AB20: Furniture and fittings | AC20: 05.06.01900 | AF20: 19 | AG20: =AI20 & " - " & AH20 -> 05.07.01900 - Accumulated Depreciation Furniture and fittings | AH20: Accumulated Depreciation Furniture and fittings | AI20: 05.07.01900
S21: 20 | T21: 4p | U21: Gain On Sale Of Asset | W21: 20 | X21: 2019 | Z21: 20 | AA21: =AC21 & " - " & AB21 -> 05.06.02000 - Asset under construction | AB21: Asset under construction | AC21: 05.06.02000 | AF21: 20 | AG21: =AI21 & " - " & AH21 -> 05.07.02000 - Accumulated Depreciation Capital Work in Progress/ Asset under construction | AH21: Accumulated Depreciation Capital Work in Progress/ Asset under construction | AI21: 05.07.02000
S22: 21 | T22: 4q | U22: Rental Income | W22: 21 | X22: 2020 | Z22: 21 | AA22: =AC22 & " - " & AB22 -> 05.06.02100 - Capital Work in Progress | AB22: Capital Work in Progress | AC22: 05.06.02100 | AF22: 21 | AG22: =AI22 & " - " & AH22 -> 05.07.02100 - Accumulated Depreciation Agricultural Plantations | AH22: Accumulated Depreciation Agricultural Plantations | AI22: 05.07.02100
S23: 22 | T23: 4r | U23: Charges On Letter Of Credit Facilities | W23: 22 | X23: 2021 | Z23: 22 | AA23: =AC23 & " - " & AB23 -> 05.06.02200 - Agricultural Plantations ( Bearers Plants) | AB23: Agricultural Plantations ( Bearers Plants) | AC23: 05.06.02200 | AF23: 22 | AG23: =AI23 & " - " & AH23 -> 05.07.02200 - Accumulated Depreciation Biological Assets (poultry,fishery & other livestock etc) | AH23: Accumulated Depreciation Biological Assets (poultry,fishery & other livestock etc) | AI23: 05.07.02200
S24: 23 | T24: 4s | U24: Foreign Exchange Loss | W24: 23 | X24: 2022 | Z24: 23 | AA24: =AC24 & " - " & AB24 -> 05.06.02300 - Biological Assets (poultry, fisheries & other livestock etc) | AB24: Biological Assets (poultry, fisheries & other livestock etc) | AC24: 05.06.02300 | AF24: 23 | AG24: =AI24 & " - " & AH24 -> 05.07.02300 - Accumulated Depreciation Other plant, properties and equipments | AH24: Accumulated Depreciation Other plant, properties and equipments | AI24: 05.07.02300
S25: 24 | T25: 4t | U25: Other Taxable Income | W25: 24 | X25: 2023 | Z25: 24 | AA25: =AC25 & " - " & AB25 -> 05.06.02400 - Petroleum Development cost | AB25: Petroleum Development cost | AC25: 05.06.02400
S26: 25 | T26: 5 | U26: Operating Income | W26: 25 | X26: 2024 | Z26: 25 | AA26: =AC26 & " - " & AB26 -> 05.06.02500 - Distribution networks assets | AB26: Distribution networks assets | AC26: 05.06.02500
S27: 26 | T27: 6 | U27: Administrative Expenses | W27: 26 | X27: 2025 | Z27: 26 | AA27: =AC27 & " - " & AB27 -> 05.06.02600 - Leasehold improvement | AB27: Leasehold improvement | AC27: 05.06.02600
S28: 27 | T28: 6a | U28: Salary And Wages | W28: 27 | X28: 2026 | Z28: 27 | AA28: =AC28 & " - " & AB28 -> 05.06.02700 - Other plant, properties and equipments | AB28: Other plant, properties and equipments | AC28: 05.06.02700
S29: 28 | T29: 6b | U29: Repairs And Maintenance | W29: 28 | X29: 2027
S30: 29 | T30: 6c | U30: Rent | W30: 29 | X30: 2028
S31: 30 | T31: 6d | U31: Research And Development Cost | W31: 30 | X31: 2029
S32: 31 | T32: 6e | U32: Interest Expense | W32: 31 | X32: 2030
S33: 32 | T33: 6f | U33: Rates
S34: 33 | T34: 6g | U34: Depreciation & Armotization
S35: 34 | T35: 6h | U35: Management/Technical Fees
S36: 35 | T36: 6i | U36: Directors Emoluments
S37: 36 | T37: 6j | U37: Donations
S38: 37 | T38: 6k | U38: Professional Fees
S39: 38 | T39: 6l | U39: Commision Paid
S40: 39 | T40: 6m | U40: Realized Foreign Exchange Loss
S41: 40 | T41: 6n | U41: Loss On Sale Of Fixed Asset
S42: 41 | T42: 6o | U42: Bank Charges
S43: 42 | T43: 6p | U43: Employee Benefit Expenses
S44: 43 | T44: 6q | U44: Utilities
... S68: 67 | T68: - | U68: Other Operating Expenses (Describe The Head Of Expenditurse/Expenses
S69: 68 | T69: 7 | U69: Finance Cost (Excluding Interest Expense)
S70: 69 | T70: 8 | U70: Operating Profit Before Tax
S71: 70 | T71: 9 | U71: Taxation
S72: 71 | T72: 10 | U72: Profit After Tax
S73: 72 | T73: 11 | U73: Other Comprehensive Income
S74: 73 | T74: 11a | U74: Revaluation Gain/Loss
S75: 74 | T75: 11b | U75: Unrealised Gain Or Loss
S76: 75 | T76: 11c | U76: Currency Translation Adjustments
S77: 76 | T77: 11d | U77: Cash Flow Hedge
S78: 77 | T78: 11e | U78: Gain Or Loss On Derivative Contracts
S79: 78 | T79: 11f | U79: Pension Plans Adustments
S80: 79 | T80: 11g | U80: Other Comprehensive Income (Specify Each Items)
S81: 80 | T81: 12 | U81: Profit For The Year
S82: 81 | T82: 13 | U82: Retained Earnings Brought Forward
S83: 82 | T83: 14 | U83: Retained Earnings Carried Forward
